 Dungeon Crawl Stone Soup version 0.31.0-9-g3a7656b989 (webtiles) character file.

Game seed: 14720854489561383920

59 Killerpretzel the Gusty (level 3, -4/16 HPs)
             Began as a Felid Air Elementalist on Feb 3, 2024.
             Slain by a gnoll
             ... wielding a +0 whip
              (6 damage)
             ... on level 2 of the Dungeon.
             The game lasted 00:05:41 (1483 turns).

Killerpretzel the Gusty (Felid Air Elementalist)    Turns: 1483, Time: 00:05:42

Health: -4/16      AC:  1    Str: 10    XL:     3   Next: 78%
Magic:  0/7        EV: 18    Int: 20    God:
Gold:   42         SH:  0    Dex: 16    Spells: 3/6 levels left
                                        Lives:  0   Deaths: 1

rFire   . . .        (weapon unavailable)
rCold   . . .        (shield unavailable)
rNeg    . . .        (body armour unavailable)
rPois   .            (helmet unavailable)
rElec   .            (cloak unavailable)
rCorr   .            (gloves unavailable)
SInv    +            (boots unavailable)
Will    .....        (no amulet)
Stlth   ++           b - +6 ring of strength
HPRegen 0.22/turn    h - ring of flight
MPRegen 0.10/turn

%: no passive effects
@: flying
A: very small, claws 1, fangs 3, see invisible, shaggy fur 1, stealthy paws, no
weapons or thrown items, no armour, multi-lived
a: no special abilities


You were on level 2 of the Dungeon.
You visited 1 branch of the dungeon, and saw 2 of its levels.

You collected 42 gold pieces.

Inventory:

Jewellery
 b - a +6 ring of strength (left paw)
 h - a ring of flight (right paw)
 i - a +6 ring of strength
Scrolls
 e - a scroll of poison
Potions
 c - a potion of curing {unknown}
 d - a potion of mutation {unknown}
 f - a potion of brilliance {unknown}


   Skills:
 + Level 3.4 Dodging
 - Level 2.6 Stealth
 + Level 2.4 Spellcasting
 + Level 1.6 Conjurations
 * Level 3.4 Air Magic


You had 3 spell levels left.
You knew the following spells:

 Your Spells              Type           Power      Damage    Failure   Level
a - Shock                 Conj/Air       48%        1d6       5%          1
b - Static Discharge      Conj/Air       24%        3-4/arc   9%          2

Your spell library contained the following spells:

 Spells                   Type           Power      Damage    Failure   Level
 Swiftness                Air            16%        N/A       11%         3
 Airstrike                Air            8%         2d(2-18)  36%         4


Dungeon Overview and Level Annotations

Branches:
Dungeon (2/15)

Altars:


Innate Abilities, Weirdness & Mutations

You have sharp claws.
You have razor-sharp teeth.
You have supernaturally acute eyesight. (SInv)
You are covered in fur. (AC +1)
Your paws help you pounce on unaware monsters.
You are incapable of wielding weapons or throwing items.
You cannot wear armour.
You gain extra lives every three experience levels.


Message History

The ribbon worm is almost dead.
A jackal comes into view.
The ribbon worm misses you.
The jackal moves out of view.
You scratch the ribbon worm.
You kill the ribbon worm!
Casting: Shock (safe; 5% risk of failure)
Confirm with . or Enter, or press ? or * to list all spells.
You don't have enough magic to cast this spell.
Okay, then.
A quokka comes into view.
The jackal bites you. The jackal bites you. The jackal closely misses you.
The gnoll hits you with a +0 whip.
The air fills with toxic fumes!
As you read the scroll of poison, it crumbles to dust.
The jackal misses you. The jackal bites you. The gnoll completely misses you.
You are too injured to fight recklessly!
There are monsters nearby!
You scratch the gnoll.
The gnoll is moderately wounded.
The jackal bites you.
* * * LOW HITPOINT WARNING * * *
The gnoll misses you.
You barely miss the gnoll.
The gnoll is moderately wounded.
The jackal bites you.
* * * LOW HITPOINT WARNING * * *
The jackal completely misses you. The gnoll misses you.
You scratch the gnoll.
The gnoll is heavily wounded.
The jackal closely misses you. The gnoll completely misses you.
Casting: Shock (safe; 5% risk of failure)
Confirm with . or Enter, or press ? or * to list all spells.
Aiming: Shock (safe; 5% risk of failure)
Press: ? - help, Shift-Dir - straight line, f - gnoll
Aim: a gnoll, wielding a +0 whip (heavily wounded, 72% to hit)
The zap hits the gnoll.
The gnoll is severely wounded.
The jackal misses you. The gnoll hits you with a +0 whip.
You die...

#####
#...##################.#
#......§§§§§§g@hr§§§§§..
#...##################.#
##.## #.# #.# #.# ##.##
#...# #...#


You could see a gnoll, a quokka and a jackal.

Vanquished Creatures
  2 gnolls (D:2)
  2 ribbon worms (D:2)
  6 endoplasms
  3 giant cockroaches
  2 goblins (D:1)
  2 hobgoblins
  A kobold (D:1)
  A quokka (D:1)
  A ball python (D:2)
  3 bats
  6 frilled lizards
  6 rats
35 creatures vanquished.

Notes
Turn   | Place    | Note
-------+----------+-------------------------------------------
     0 | D:1      | Killerpretzel the Felid Air Elementalist began the quest
                  | for the Orb.
     0 | D:1      | Reached XP level 1. HP: 9/9 MP: 4/4
    99 | D:1      | Reached skill level 1 in Conjurations
   253 | D:1      | Reached XP level 2. HP: 13/13 MP: 4/6
   277 | D:1      | Learned a level 2 spell: Static Discharge
   397 | D:1      | Found a faded altar of an unknown god.
   926 | D:1      | Slain by a ribbon worm
   926 | D:1      | Lost a life (0 lives remaining)
  1240 | D:2      | Reached XP level 3. HP: 13/16 MP: 1/7
  1483 | D:2      | Slain by a gnoll

Illustrated notes

Levels and vault maps discovered:
D:1:      matt_arrival_spirals, layout_rooms,
          shapermc_ecumenical_altar_totnotflames
D:2:      layout_rooms, grunt_ministairs_13

Skill      XL: |  1  2 |
---------------+-------+-----
Conjurations   | 1 |  1.6
Dodging        | 3 |  3.4
Air Magic      | 3 |  3.4
Stealth        | |  2.6
Spellcasting   | |  2.4

Action                     || total
---------------------------++-------
  Melee: Unarmed           ||     8
         Bite              ||     1
   Cast: Shock             ||    77
         Static Discharge  ||     5
    Use: Scroll            ||     3
         Potion            ||     1
 Armour: Skin              ||    23
  Dodge: Dodged            ||    23
